 Dungeon Crawl Stone Soup version 0.21-a0-321-g91e3373 (webtiles) character file.

2 tidbits the Transmogrifier (level 1, -1/14 HPs)
             Began as a Gnoll Wanderer on Sept 30, 2017.
             Slain by a hobgoblin (4 damage)
             ... on level 2 of the Dungeon.
             The game lasted 00:00:58 (114 turns).

tidbits the Transmogrifier (Gnoll Wanderer)          Turns: 114, Time: 00:00:59

Health: -1/14      AC:  2    Str: 18    XL:     1   Next: 40%
Magic:  6/6        EV:  8    Int: 14    God:
Gold:   3          SH:  8    Dex: 10    Spells: 9/9 levels left

rFire    . . .     SeeInvis .   e - +0 club
rCold    . . .     Gourm    .   a - +0 shield
rNeg     . . .     Faith    .   d - +0 robe
rPois    .         Spirit   .   (no helmet)
rElec    .         Reflect  .   (no cloak)
rCorr    .         Harm     .   (no gloves)
MR       .....                  (no boots)
Stlth    ++........             (no amulet)
HPRegen  0.04/turn              (no ring)
MPRegen  0.10/turn              (no ring)

@: no status effects
A: distributed training, fangs 1, strong nose
a: no special abilities


You were on level 2 of the Dungeon.
You were not hungry.

You visited 1 branch of the dungeon, and saw 2 of its levels.

You collected 3 gold pieces.

Inventory:

Hand Weapons
 e - a +0 club (weapon)
Missiles
 g - 20 arrows
Armour
 a - a +0 shield (worn)
 d - a +0 robe (worn)
Scrolls
 i - a scroll of magic mapping {unknown}
Potions
 h - 2 potions of curing {unknown}
Books
 b - the Collected Works on the Traveller

   Spells                             Type                      Level
   a - Apportation                    Translocation                1
   b - Recall                         Summoning/Translocation      3
 c - Sif Muna's Handbook of Poison

   Spells                             Type                      Level
   a - Sting                          Conjuration/Poison           1
   b - Spider Form                    Transmutation/Poison         3
Comestibles
 f - a bread ration


   Skills:
 + Level 0.8 Fighting
 + Level 0.0 Short Blades
 + Level 0.0 Long Blades
 + Level 0.0 Axes
 + Level 0.0 Maces & Flails
 + Level 0.0 Polearms
 + Level 0.0 Staves
 + Level 0.0 Slings
 + Level 0.0 Bows
 + Level 0.0 Crossbows
 + Level 0.8 Throwing
 + Level 0.0 Armour
 + Level 0.0 Dodging
 + Level 2.1 Stealth
   Level 0.0 Stabbing
 + Level 2.6 Shields
   Level 0.0 Traps
 + Level 0.0 Unarmed Combat
 + Level 4.8 Spellcasting
 + Level 0.0 Conjurations
 + Level 0.0 Hexes
 + Level 4.4 Charms
 + Level 0.0 Summonings
 + Level 0.0 Necromancy
 + Level 0.8 Translocations
 + Level 8.4 Transmutations
 + Level 0.0 Fire Magic
 + Level 0.0 Ice Magic
 + Level 0.0 Air Magic
 + Level 0.0 Earth Magic
 + Level 0.0 Poison Magic
 + Level 0.0 Invocations
 + Level 0.0 Evocations


You had 9 spell levels left.
You didn't know any spells.

Dungeon Overview and Level Annotations

Branches:
Dungeon (2/15)

Altars:


Innate Abilities, Weirdness & Mutations

Your experience applies equally to all skills.
You have very sharp teeth.
Your uncanny sense of smell can sniff out nearby items.


Message History

Welcome, tidbits the Gnoll Wanderer.
The bosom of this dungeon contains the fabled artefact, the Orb of Zot.
Press ? for a list of commands and other information.
Found a staircase leading out of the dungeon.
You don't know any spells.
Okay, then.
Okay, then.
You open the door.
There is a staircase leading out of the dungeon here.
You open the door.
Found 20 arrows and 2 bubbling inky potions.
There is an open door here.
You see here 20 arrows.
g - 20 arrows
h - 2 bubbling inky potions
Okay, then.
You open the door.
There is an open door here.
You open the door.
There is an open door here.
You open the door.
There is an open door here.
There is an open door here.
There is a dry fountain here.
You open the door.
A kobold comes into view.
There is an open door here.
The helpless kobold fails to defend itself.
You hit the kobold.
The kobold is severely wounded.
The kobold barely misses you.
You barely miss the kobold.
The kobold is severely wounded.
You block the kobold's attack.
You barely miss the kobold.
The kobold is severely wounded.
The kobold hits you but does no damage. x2
You barely miss the kobold.
The kobold is severely wounded.
The kobold hits you.
You hit the kobold.
You kill the kobold!
You open the door.
There is an open door here.
You open the door.
There is an open door here.
You open the door. You open the door.
There is an open door here.
You open the door.
There is an open door here.
You open the door.
There is an open door here.
There is a dry fountain here.
You open the door.
There is an open door here.
You open the door.
There is an open door here.
You open the door.
Found a stone staircase leading down.
There is an open door here.
A goblin comes into view. It is wielding an enchanted dagger.
The goblin shouts!
Found 3 gold pieces.
You hit the goblin.
You kill the goblin!
Things that are here:
an enchanted dagger; a goblin corpse
Things that are here:
an enchanted dagger; a goblin corpse You now have 3 gold pieces.
There is a stone staircase leading down here.
You climb downwards.
A rat comes into view.
Found a scroll labeled VUJOJYRAICH.
There is a stone staircase leading up here.
You see here a scroll labeled VUJOJYRAICH.
i - a scroll labeled VUJOJYRAICH The rat bites you.
Your shield prevents you from hitting the rat.
The rat bites you. x2
* * * LOW HITPOINT WARNING * * *
You hit the rat but do no damage. You block the rat's attack.
You barely miss the rat. The rat barely misses you. You block the rat's attack.
You hit the rat but do no damage. The rat barely misses you.
You closely miss the rat. You block the rat's attack.
A hobgoblin comes into view.
The hobgoblin shouts!
You hit the rat.
You kill the rat!
You see here a rat corpse.
You hit the hobgoblin but do no damage.
The hobgoblin hits you but does no damage.
You barely miss the hobgoblin. You block the hobgoblin's attack.
You hit the hobgoblin but do no damage. You bite the hobgoblin.
The hobgoblin is heavily wounded.
The hobgoblin hits you.
* * * LOW HITPOINT WARNING * * *
The hobgoblin hits you.
You die...

..# #.# #.# #.#
#.# ######.#
##...##.###
#..#....†.##
#.......@g###
#####<........#
##....##.#.#
#.#### # #.#
#+#


You could see a hobgoblin.

Vanquished Creatures
  A goblin (D:1)
  A kobold (D:1)
  A rat (D:2)
3 creatures vanquished.

Notes
Turn   | Place    | Note
-------+----------+-------------------------------------------
     0 | D:1      | tidbits the Gnoll Wanderer began the quest for the Orb.
     0 | D:1      | tidbits set off with: a +0 shield, the Collected Works on the Traveller, Sif Muna's Handbook of Poison, a +0 robe, a +0 club, a bread ration
     0 | D:1      | Reached XP level 1. HP: 13/13 MP: 6/6
     0 | D:1      | Identified the Collected Works on the Traveller
     0 | D:1      | Identified Sif Muna's Handbook of Poison
   114 | D:2      | Slain by a hobgoblin

Vault maps used:
D:1:      co_arrival_random_square_maze, minmay_misc_feat_x
D:2:      led_sif_pool, overflow_temple_1_default

Action                   || total
-------------------------++-------
Melee: Club              ||    15
       Bite              ||     1
 Stab: Sleeping          ||     1
Armor: Robe              ||     3
Dodge: Dodged            ||     3
Block: Shield            ||     5

Table legend:
 A = Spawn XP
 B = Non-spawn XP
 C = Spawn XP percentage of total XP
 D = Spawn monster count
 E = Non-spawn monster count
 F = Spawn count percentage of total count
 G = Total turns spent on level
                    A         B        C        D         E        F      G
               +---------+---------+-------+---------+---------+-------+---------
         Total |       0 |       4 |   0.0 |       0 |       3 |   0.0 |   114
               +---------+---------+-------+---------+---------+-------+---------
           D:1 |       0 |       3 |   0.0 |       0 |       2 |   0.0 |    95
           D:2 |       0 |       1 |   0.0 |       0 |       1 |   0.0 |    19
               +---------+---------+-------+---------+---------+-------+---------

Table legend:
 A = Turns spent in this place as a percentage of turns spent in the entire game.
 B = Non-inter-level travel turns spent in this place as a percentage of non-inter-level travel turns spent in the entire game.
 C = Inter-level travel turns spent in this place as a percentage of turns spent in this place.
 D = Turns resting spent in this place as a percentage of non-inter-level travel turns spent in this place.
 E = Turns spent auto-exploring this place as a percentage of non-inter-level travel turns spent in this place.
 F = Non-inter-level travel turns spent in this place divided by the number of levels of this place that you've seen.
                   A       B       C       D       E      F
               +-------+-------+-------+-------+-------+----------------------
         Total | 100.0 | 100.0 |   0.0 |   0.0 |   0.0 |  57.0
       Dungeon | 100.0 | 100.0 |   0.0 |   0.0 |   0.0 |  57.0
               +-------+-------+-------+-------+-------+----------------------

Table legend:
 A = Kills in this place as a percentage of kills in entire the game.
 B = Kills by you in this place as a percentage of kills by you in the entire game.
 C = Kills by friends in this place as a percentage of kills by friends in the entire game.
 D = Other kills in this place as a percentage of other kills in the entire game.
 E = Experience gained in this place as a percentage of experience gained in the entire game.
 F = Experience gained in this place divided by the number of levels of this place that you have seen.
                   A       B       C       D       E      F
               +-------+-------+-------+-------+-------+----------------------
         Total | 100.0 | 100.0 |   N/A |   N/A | 100.0 |   2.0
       Dungeon | 100.0 | 100.0 |   N/A |   N/A | 100.0 |   2.0
               +-------+-------+-------+-------+-------+----------------------

Vault maps used:
D:1:      co_arrival_random_square_maze, minmay_misc_feat_x
D:2:      led_sif_pool, overflow_temple_1_default
